 Dungeon Crawl Stone Soup version 0.21.1-1-g345015f (webtiles) character file.

7721 wojtek the Cleaver (level 11, 0/94 HPs)
             Began as a Minotaur Fighter on July 25, 2018.
             Was a Priest of Makhleb.
             Slain by a hell rat (12 damage)
             ... on level 10 of the Dungeon.
             The game lasted 00:16:42 (9812 turns).

wojtek the Cleaver (Minotaur Fighter)               Turns: 9812, Time: 00:16:42

Health: 0/94       AC: 16    Str: 24    XL:     11   Next: 0%
Magic:  15/15      EV:  6    Int:  9    God:    Makhleb [***...]
Gold:   325        SH: 17    Dex: 10    Spells: 10/10 levels left

rFire    + + .     SeeInvis .   x - +6 long sword "Sawael" {slice, +Blink rF+ rN+ MR+}
rCold    . . .     Gourm    +   v - +0 large shield {rF+}
rNeg     + . .     Faith    .   H - +0 plate armour
rPois    .         Spirit   .   (helmet restricted)
rElec    .         Reflect  .   g - +0 cloak
rCorr    .         Harm     .   L - +0 pair of gloves
MR       +....                  (no boots)
Stlth    ..........             I - amulet of the gourmand
HPRegen  0.25/turn              (no ring)
MPRegen  0.14/turn              G - +4 ring of intelligence

@: very slightly contaminated
A: retaliatory headbutt, horns 2
a: Minor Destruction, Lesser Servant of Makhleb, Renounce Religion, Evoke Blink


You were on level 10 of the Dungeon.
You worshipped Makhleb.
Makhleb was most pleased with you.
You were completely stuffed.

You visited 2 branches of the dungeon, and saw 11 of its levels.

You collected 507 gold pieces.
You spent 182 gold pieces at shops.

Inventory:

Hand Weapons
 a - a +0 war axe
 x - the +6 long sword "Sawael" (weapon) {slice, +Blink rF+ rN+ MR+}
   (You found it on level 5 of the Dungeon)

   It inflicts extra damage upon your enemies.
   It protects you from fire.
   It protects you from negative energy.
   It affects your resistance to hostile enchantments.
   It lets you blink.
Armour
 g - a +0 cloak (worn)
 u - the +4 leather armour of the Princess {rC+ rN+, unknown}
   (You found it on level 8 of the Dungeon)

   It protects you from cold.
   It protects you from negative energy.
 v - a +0 large shield of fire resistance (worn)
 H - a +0 plate armour (worn)
 L - a +0 pair of gloves (worn)
Jewellery
 p - an uncursed ring of magical power
 w - an uncursed ring of ice
 z - the ring "Budita Enny" {*Slow +Fly rElec rN++ Int+3}
   (You found it on level 6 of the Dungeon)

   [ring of intelligence]

   It affects your intelligence (+3).
   It insulates you from electricity.
   It greatly protects you from negative energy.
   It lets you fly.
   It may slow you when you take damage.
 G - a +4 ring of intelligence (right hand)
 I - an amulet of the gourmand (around neck)
Wands
 A - a wand of digging (12)
 E - a wand of iceblast (17)
 J - a wand of polymorph (14)
 K - a wand of paralysis (28)
 O - a wand of random effects (26)
Scrolls
 b - 3 scrolls of immolation {unknown}
 e - 2 scrolls of blinking
 i - 3 scrolls of remove curse
 j - 7 scrolls of teleportation
 k - 4 scrolls of identify
 m - 2 scrolls of random uselessness {unknown}
 o - a scroll of enchant weapon {unknown}
 t - 4 scrolls of enchant armour {unknown}
 B - 2 scrolls of fear {unknown}
 F - a scroll of fog {unknown}
Potions
 c - 2 potions of mutation {unknown}
 d - a potion of might
 h - a potion of magic {unknown}
 l - 2 potions of brilliance {unknown}
 n - 4 potions of flight
 q - a potion of agility
 r - 7 potions of curing
 s - 2 potions of heal wounds
 C - a potion of resistance {unknown}
 D - a potion of lignification {unknown}
 M - 2 potions of haste {unknown}
Books
 y - a book of Cantrips

   Spells                             Type                      Level
   a - Confusing Touch                Hexes                        1
   b - Animate Skeleton               Necromancy                   1
   c - Summon Small Mammal            Summoning                    1
   d - Apportation                    Translocation                1
Comestibles
 f - 16 rations
 N - 4 chunks of flesh


   Skills:
 + Level 8.2 Fighting
 - Level 9.4 Axes
 + Level 8.2 Armour
 + Level 6.7 Dodging
 + Level 8.2 Shields
 * Level 7.2 Invocations
 + Level 4.5 Evocations


You had 10 spell levels left.
You didn't know any spells.

Dungeon Overview and Level Annotations

Branches:
Dungeon (10/15)            Temple (1/1) D:6            Lair (0/6) D:10
    Orc (0/2) D:9

Altars:
Ashenzari
Cheibriados
Dithmenos
Elyvilon
Fedhas
Gozag
Hepliaklqana
Kikubaaqudgha
Makhleb
Nemelex Xobeh
Okawaru
Qazlal
Ru
Sif Muna
Trog
Uskayaw
Vehumet
Wu Jian
Xom
Yredelemnul
Zin
The Shining One

Shops:
D:4 ![[   D:7 }   D:8 :

Annotations:
D:4 quasits dig


Innate Abilities, Weirdness & Mutations

You reflexively headbutt those who attack you in melee.
You have a pair of horns on your head.


Message History

Press: ? - help, Dir - move target cursor You are very lightly contaminated with residual magic.
As you read the scroll of blinking, it crumbles to dust.
The centaur wields an uncursed shortbow.
The centaur shoots an arrow.
You block the arrow.
The centaur shoots an arrow.
The arrow hits you but does no damage.
You see here an arrow.
The centaur shoots an arrow.
You block the arrow.
You see here an arrow.
The centaur shoots an arrow.
The arrow hits you but does no damage.
You see here an arrow.
The centaur shoots an arrow.
The arrow closely misses you.
The centaur shoots an arrow.
You block the arrow.
You see here 2 arrows.
You block the hell rat's attack. You block the hell rat's attack.
The centaur shoots an arrow.
You block the arrow.
You see here an arrow.
The hell rat bites you!
You die...

#.#####...# #. #.........#
#.. #.........# #..
#.........#
#..######.........#
#.................#
#.....c...........####
##'##.....r.(.............
.........@#########.......
..........# #.......
..........# ##.......
..........# #........
..#####...# #........
#...########........
#...................
#...................
#...........#####...


You could see a centaur and a hell rat.

Vanquished Creatures
  The ghost of tyranidshit the Fighter, a novice DsAK of Lugonu (D:9)
  A two-headed ogre (D:8)
  A troll (D:9)
  Grinder (D:6)
  3 yaks (D:10)
  A wraith (D:9)
  Eustachio (D:5)
  4 hogs (D:8)
  A human (D:8)
  A wyvern (D:8)
  2 hungry ghosts
  A two-headed ogre zombie (D:9)
  A necrophage (D:8)
  2 ice beasts
  2 phantoms
  A black bear (D:10)
  5 orc warriors
  A sky beast (D:6)
  2 ogres
  A centaur (D:9)
  A big kobold (D:7)
  2 bullfrogs
  2 scorpions (D:8)
  The ghost of wistyy the Shield-Bearer, a weakling MiFi (D:3)
  A vampire bat (D:5)
  13 wights
  6 howler monkeys
  5 crimson imps
  A centaur zombie (D:7)
  6 orc priests
  2 centaur skeletons
  A jelly (D:6)
  7 orc wizards
  A gnoll shaman (D:3)
  8 hounds
  2 bullfrog skeletons (D:5)
  4 iguanas
  4 worker ants
  7 ogre zombies (D:9)
  7 gnolls
  12 adders
  2 shadow imps
  An ooze (D:3)
  An adder skeleton (D:6)
  4 worms
  3 dart slugs
  3 leopard geckos
  23 orcs
  A ball python (D:1)
  4 bat skeletons (D:5)
  2 bat zombies (D:5)
  7 giant cockroaches
  9 goblins
  4 hobgoblins
  20 jackals
  4 quokkas
  A ball python skeleton (D:5)
  5 bats
  7 frilled lizards
  3 goblin skeletons (D:9)
  A goblin zombie (D:9)
  2 hobgoblin skeletons (D:9)
  3 hobgoblin zombies (D:9)
  13 kobolds
  2 leopard gecko skeletons (D:4)
  2 orc skeletons (D:9)
  14 orc zombies (D:9)
  A quokka skeleton (D:6)
  A quokka zombie (D:7)
  6 rats
  A bush (D:3)
  A plant (D:3)
277 creatures vanquished.

Vanquished Creatures (others)
  7 fungi (D:5)
7 creatures vanquished.

Grand Total: 284 creatures vanquished

Notes
Turn   | Place    | Note
-------+----------+-------------------------------------------
     0 | D:1      | wojtek the Minotaur Fighter began the quest for the Orb.
     0 | D:1      | Reached XP level 1. HP: 19/19 MP: 0/0
   148 | D:1      | Reached skill level 3 in Axes
   172 | D:1      | Reached XP level 2. HP: 24/26 MP: 1/1
   349 | D:1      | Reached skill level 4 in Axes
   454 | D:1      | Reached XP level 3. HP: 27/31 MP: 2/2
   981 | D:2      | Reached skill level 5 in Axes
  1107 | D:2      | Reached XP level 4. HP: 26/39 MP: 3/3
  1724 | D:3      | Reached skill level 6 in Axes
  1774 | D:3      | Noticed wistyy's ghost (weakling MiFi)
  1791 | D:3      | Killed wistyy's ghost
  1791 | D:3      | Reached XP level 5. HP: 34/45 MP: 4/4
  1859 | D:3      | Reached skill level 7 in Axes
  1966 | D:3      | Found an ornate altar of the Wu Jian Council.
  2617 | D:4      | Reached XP level 6. HP: 51/52 MP: 5/5
  2704 | D:4      | Reached skill level 1 in Dodging
  2811 | D:4      | Found Leson's Armour Emporium.
  2817 | D:4      | Bought a +0 large shield of fire resistance for 126 gold pieces
  3151 | D:3      | Reached XP level 7. HP: 50/59 MP: 6/6
  3164 | D:4      | Reached skill level 8 in Axes
  3209 | D:4      | Found Fipnisyl's Distillery.
  3212 | D:4      | Bought a potion of flight for 42 gold pieces
  3212 | D:4      | Bought a potion of degeneration for 14 gold pieces
  3291 | D:4      | Found Dygaw's Armour Shoppe.
  3727 | D:5      | Entered Level 5 of the Dungeon
  3872 | D:5      | Found a faded altar of an unknown god.
  3872 | D:5      | Found a faded altar of an unknown god.
  3879 | D:5      | Found a glowing silver altar of Zin.
  3881 | D:5      | Found a glowing golden altar of the Shining One.
  3883 | D:5      | Found a hide-covered altar of Uskayaw.
  4083 | D:5      | Found an ancient bone altar of Kikubaaqudgha.
  4219 | D:5      | Got a crystal long sword
  4342 | D:5      | Noticed Eustachio
  4356 | D:5      | Reached skill level 5 in Fighting
  4356 | D:5      | Reached skill level 5 in Shields
  4359 | D:5      | Killed Eustachio
  4359 | D:5      | Reached skill level 5 in Armour
  4401 | D:5      | Reached XP level 8. HP: 36/68 MP: 7/7
  4875 | D:6      | Found a staircase to the Ecumenical Temple.
  4967 | D:6      | Found a shattered altar of Ashenzari.
  4997 | D:6      | Noticed Grinder
  4997 | D:6      | Paralysed by Grinder for 4 turns
  5081 | Temple   | Entered the Ecumenical Temple
  5312 | Temple   | Became a worshipper of Makhleb the Destroyer
  5690 | D:6      | Reached skill level 1 in Invocations
  5708 | D:6      | Found an iron altar of Okawaru.
  5821 | D:6      | Reached skill level 1 in Evocations
  6004 | D:6      | Found a snail-covered altar of Cheibriados.
  6012 | D:6      | Got a translucent iron ring
  6055 | D:6      | Killed Grinder
  6063 | D:6      | Found a sacrificial altar of Ru.
  6241 | D:6      | Reached skill level 9 in Axes
  6641 | D:7      | Reached * piety under Makhleb
  6693 | D:7      | Found a deep blue altar of Sif Muna.
  6722 | D:7      | Reached XP level 9. HP: 71/75 MP: 10/10
  6916 | D:7      | Found Uniss's Gadget Emporium.
  7170 | D:7      | Found a blossoming altar of Fedhas.
  7470 | D:8      | Reached skill level 5 in Dodging
  7569 | D:8      | Identified the ring "Budita Enny" {*Slow +Fly rElec rN++ Int+3} (You found it on level 6 of the Dungeon)
  7570 | D:8      | Identified the +6 long sword "Sawael" {slice, +Blink rF+ rN+ MR+} (You found it on level 5 of the Dungeon)
  7644 | D:8      | Found Faibowaum's Book Shop.
  7649 | D:8      | Noticed a two-headed ogre
  7671 | D:8      | Killed a two-headed ogre
  7671 | D:8      | Reached skill level 5 in Invocations
  8036 | D:8      | Reached ** piety under Makhleb
  8094 | D:8      | Reached XP level 10. HP: 86/86 MP: 12/12
  8129 | D:8      | Got an ichor-stained leather armour
  8726 | D:9      | Found a staircase to the Orcish Mines.
  8800 | D:9      | Reached *** piety under Makhleb
  9234 | D:9      | Noticed tyranidshit's ghost (novice DsAK)
  9276 | D:9      | Killed tyranidshit's ghost
  9644 | D:10     | Entered Level 10 of the Dungeon
  9709 | D:10     | Reached XP level 11. HP: 94/94 MP: 15/15
  9774 | D:10     | Found a staircase to the Lair.
  9774 | D:10     | Noticed a death yak
  9776 | D:10     | Noticed a death yak
  9777 | D:10     | Noticed a death yak
  9782 | D:10     | HP: 4/94 [death yak (22)]
  9812 | D:10     | Slain by a hell rat

Skill      XL: |  1  2  3  4  5  6  7  8  9 10 |
---------------+-------------------------------+-----
Axes           | 3 4 5 6 7 8 9 |  9.4
Dodging        | 1 3 4 5 6 |  6.7
Fighting       | 4 5 6 7 8 |  8.2
Armour         | 4 5 6 7 8 |  8.2
Shields        | 4 5 6 7 8 |  8.2
Invocations    | 3 5 7 |  7.2
Evocations     | 1 3 4 |  4.5

Action                   |  1- 3 |  4- 6 |  7- 9 | 10-12 || total
-------------------------+-------+-------+-------+-------++-------
Melee: War axe           |    71 |   221 |   299 |       ||   591
       Headbutt          |     7 |    27 |    59 |    53 ||   146
       Long sword        |       |       |    32 |   283 ||   315
  Use: Scroll            |       |       |     5 |     2 ||     7
       Potion            |       |       |       |     3 ||     3
  Eat: Chunk             |     1 |     7 |    11 |    26 ||    45
       Ration            |       |       |     1 |       ||     1
Armor: Scale mail        |    28 |    35 |       |       ||    63
       Chain mail        |       |    34 |   104 |       ||   138
       Plate armour      |       |       |     4 |   124 ||   128
Dodge: Dodged            |    29 |    30 |    49 |    35 ||   143
Block: Shield            |    33 |    59 |       |       ||    92
       Large shield      |       |    30 |   280 |   271 ||   581
       Rpst.: Long sword |       |       |     3 |    10 ||    13
